[Event "Titled Tuesday Blitz March 21 Early 2023"]
[White "polandchessplayer"]
[Black "Eynullayev, Atilla"]
[BlackFideId "13413570"]
[WhiteElo "2641"]
[BlackElo "2181"]
[Result "0-1"]
[Round "09"]
[TimeControl "180+2"]
[Date "2023.03.21"]
[WhiteClock "0:00:02"]
[BlackClock "0:00:09"]

1. c4 e5 2. Nc3 Bb4 3. Nf3 Bxc3 4. dxc3 d6 5. e4 Nf6 6. Bd3 O-O 7. O-O Nbd7 8. h3 Re8 9. Bg5 Nf8 10. Qe2 Ng6 11. Rad1 h6 12. Be3 Qe7 13. b4 Nh5 14. c5 Ngf4 15. Qd2 Qe6 16. Rfe1 Nxg2 17. Kxg2 Qxh3+ 18. Kg1 Qxf3 19. Be2 Qh3 20. Bf1 Qh4 21. f3 Re6 22. Bg2 Rg6 23. Qf2 Qf6 24. Kf1 Ng3+ 25. Kg1 h5 26. f4 Nxe4 27. Qf3 Nxc3 28. Rc1 e4 29. Qxh5 Bg4 30. Qh2 Ne2+ 31. Rxe2 Bxe2 32. Kf2 Qb2 33. Rg1 Bf3+ 34. Bd2 Qxd2+ 35. Kf1 Qe2# 0-1


[Site "https://www.chess.com"]

[Event "Titled Tuesday Blitz March 21 Early 2023"]
[White "Ratsma, Midas"]
[Black "Cuenca Jimenez, Jose Fernando"]
[WhiteFideId "1032283"]
[BlackFideId "2255570"]
[WhiteElo "2172"]
[BlackElo "2429"]
[Result "0-1"]
[Round "09"]
[TimeControl "180+2"]
[Date "2023.03.21"]
[WhiteClock "0:01:12"]
[BlackClock "0:00:10"]

1. e4 d6 2. d4 Nf6 3. Bd3 e5 4. dxe5 dxe5 5. Nf3 Nbd7 6. Nbd2 c6 7. Nc4 Qc7 8. b3 b5 9. Ne3 Nc5 10. Bb2 Bd6 11. O-O Ncxe4 12. c4 Nc5 13. cxb5 Nxd3 14. Qxd3 e4 15. Qc4 Be6 16. Qxc6+ Qxc6 17. bxc6 exf3 18. Rfd1 Bc7 19. gxf3 O-O 20. Kh1 Rfd8 21. Rg1 Kf8 22. Ba3+ Bd6 23. c7 Rd7 24. Rac1 Rc8 25. Bxd6+ Rxd6 26. Rc5 Rd7 27. Rcg5 g6 28. f4 Rdxc7 29. f5 gxf5 30. f3 Rc1 31. Nxf5 Rxg1+ 32. Kxg1 Rc1+ 33. Kf2 Rc2+ 34. Ke3 Rxa2 35. Nd4 Ra6 36. Rb5 Rb6 37. Ra5 a6 38. b4 Nd5+ 39. Ke4 Nxb4 40. Rc5 Kg7 41. Ke5 Nd3+ 42. Ke4 Nxc5+ 43. Ke3 Rb2 44. f4 Nb3 45. f5 Nxd4 46. fxe6 Nxe6 0-1


[Site "https://www.chess.com"]

[Event "Titled Tuesday Blitz March 21 Early 2023"]
[White "Vlassov, Nikolai"]
[Black "Khamdamova, Afruza"]
[WhiteFideId "4103360"]
[BlackFideId "14210444"]
[WhiteElo "2324"]
[BlackElo "2210"]
[Result "0-1"]
[Round "09"]
[TimeControl "180+2"]
[Date "2023.03.21"]
[WhiteClock "0:01:17"]
[BlackClock "0:02:05"]

1. e4 e5 2. Bc4 Nf6 3. d3 Nc6 4. Nf3 Bc5 5. Bg5 d6 6. Nc3 h6 7. Bh4 Bg4 8. h3 Bh5 9. g4 g5 10. Nxg5 hxg5 11. Bxg5 Bxg4 12. Bxf6 Bxd1 13. Bxd8 Bf3 14. Rh2 Rxd8 15. Nd5 Kd7 16. Kd2 Kc8 17. Rg1 Rdg8 18. Rg3 Rxg3 19. fxg3 Bg1 0-1


[Site "https://www.chess.com"]

[Event "Titled Tuesday Blitz March 21 Early 2023"]
[White "Donskov, Anatoly"]
[Black "Al-Tarboush, Ward"]
[WhiteFideId "24143413"]
[BlackFideId "7601450"]
[WhiteElo "2247"]
[BlackElo "2257"]
[Result "0-1"]
[Round "09"]
[TimeControl "180+2"]
[Date "2023.03.21"]
[WhiteClock "0:00:19"]
[BlackClock "0:01:14"]

1. e4 e6 2. d3 d5 3. Nd2 Nf6 4. g3 b6 5. Bg2 Bb7 6. e5 Nfd7 7. d4 c5 8. c3 Nc6 9. Ne2 Be7 10. O-O Qc7 11. a3 h5 12. h3 g5 13. f4 gxf4 14. Rxf4 Bg5 15. Rf2 Be3 16. Nf1 Bxf2+ 17. Kxf2 O-O-O 18. Bf4 Ba6 19. Ne3 h4 20. g4 Bxe2 21. Kxe2 f6 22. Bxd5 exd5 23. Nxd5 Qb7 24. exf6 Nxf6 25. Nxf6 Qe7+ 26. Kf3 Qxf6 27. Qa4 Kb7 28. Re1 Rhf8 29. dxc5 Rd3+ 30. Ke2 Rxh3 31. cxb6 Qxf4 0-1


[Site "https://www.chess.com"]

[Event "Titled Tuesday Blitz March 21 Early 2023"]
[White "Sreyas Payyappat"]
[Black "Filgueira, Hernan"]
[WhiteFideId "46674969"]
[BlackFideId "101770"]
[WhiteElo "2083"]
[BlackElo "2363"]
[Result "1-0"]
[Round "09"]
[TimeControl "180+2"]
[Date "2023.03.21"]
[WhiteClock "0:01:30"]
[BlackClock "0:00:54"]

1. e4 g6 2. d4 Bg7 3. Nc3 d6 4. Be3 c6 5. Qd2 b5 6. Bd3 Nd7 7. Nf3 Qc7 8. h4 h6 9. O-O-O b4 10. Ne2 a5 11. Nf4 Ngf6 12. Rde1 e5 13. Ne2 h5 14. dxe5 dxe5 15. Reg1 c5 16. Bc4 Bb7 17. Ng5 O-O 18. f3 Nb6 19. b3 Nxc4 20. bxc4 Rad8 21. Qe1 Ba6 22. g4 Bxc4 23. gxh5 Nxh5 24. Ng3 Nf4 25. h5 Qe7 26. h6 Qxg5 27. hxg7 Rfe8 28. Nf5 Qxg1 29. Rh8# 1-0


[Site "https://www.chess.com"]

[Event "Titled Tuesday Blitz March 21 Early 2023"]
[White "Omariev, Maksim"]
[Black "wqws"]
[WhiteFideId "4193423"]
[WhiteElo "2474"]
[BlackElo "2618"]
[Result "0-1"]
[Round "09"]
[TimeControl "180+2"]
[Date "2023.03.21"]
[WhiteClock "0:00:05"]
[BlackClock "0:01:23"]

1. g4 d5 2. Bg2 c6 3. h3 e5 4. d4 e4 5. c4 h5 6. g5 Be7 7. h4 f5 8. cxd5 cxd5 9. Nc3 Nc6 10. Bf4 Be6 11. e3 g6 12. Nge2 Bd6 13. Qb3 Rb8 14. Bxd6 Qxd6 15. Nf4 Bf7 16. O-O Nge7 17. Rac1 O-O 18. a3 b6 19. Nb5 Qd7 20. a4 a6 21. Nc3 b5 22. axb5 axb5 23. Rc2 b4 24. Na4 Na5 25. Nc5 Qb5 26. Qa4 Qxa4 27. Nxa4 b3 28. Rc3 Nc4 29. Rb1 Rb4 30. Nc5 Na5 31. Bf1 Rfb8 32. Ra1 Nc4 33. Bxc4 Rxc4 34. Rxc4 dxc4 35. Ra7 c3 36. Ne2 cxb2 37. Nc3 Nd5 38. Nb1 Nb4 39. Nd7 Rc8 40. Nf6+ Kg7 41. d5 Rc1+ 42. Kg2 Rxb1 43. d6 Rd1 44. d7 b1=Q 45. Ne8+ Kf8 46. Ra8 Rxd7 47. Nf6+ Ke7 48. Re8+ Bxe8 49. Ng8+ Kd8 50. f4 Rd2+ 51. Kg3 Qg1+ 52. Kh3 Rh2# 0-1


[Site "https://www.chess.com"]

[Event "Titled Tuesday Blitz March 21 Early 2023"]
[White "Alex_Sahakyan2006"]
[Black "Dudzinski, Pawel"]
[BlackFideId "1117890"]
[WhiteElo "2611"]
[BlackElo "2099"]
[Result "1-0"]
[Round "09"]
[TimeControl "180+2"]
[Date "2023.03.21"]
[WhiteClock "0:01:25"]
[BlackClock "0:00:14"]

1. e4 c6 2. Nc3 d5 3. Nf3 dxe4 4. Nxe4 Nf6 5. Qe2 Nxe4 6. Qxe4 Qa5 7. Bc4 Bf5 8. Qf4 e6 9. O-O Be7 10. c3 O-O 11. d4 Qd8 12. Qg3 Nd7 13. a4 Nb6 14. Bb3 Nd5 15. a5 Bd6 16. Qh4 Qxh4 17. Nxh4 Bd3 18. Rd1 Be2 19. Re1 Bd3 20. Nf3 a6 21. Ne5 Bg6 22. Nxg6 hxg6 23. g3 Rfe8 24. f4 c5 25. dxc5 Bxc5+ 26. Kg2 Red8 27. Bd1 Rd7 28. Bf3 Rad8 29. Re2 Kf8 30. Bd2 Ke7 31. Rae1 Kd6 32. b4 Ba7 33. c4 Nf6 34. Bc3 Kc7 35. Be5+ Kc8 36. b5 Bb8 37. bxa6 bxa6 38. Rb1 Rb7 39. Bxb7+ Kd7 40. Rd2+ Ke7 41. Rxd8 Kxd8 42. Bxb8 1-0


[Site "https://www.chess.com"]

[Event "Titled Tuesday Blitz March 21 Early 2023"]
[White "Pinheiro, Iung Alicio de O."]
[Black "Khandelwal, Ankush"]
[WhiteFideId "2104350"]
[BlackFideId "413470"]
[WhiteElo "2283"]
[BlackElo "2263"]
[Result "1-0"]
[Round "09"]
[TimeControl "180+2"]
[Date "2023.03.21"]
[WhiteClock "0:00:08"]
[BlackClock "0:00:24"]

1. d4 Nf6 2. c4 g6 3. Nc3 Bg7 4. e4 d6 5. h3 Nbd7 6. Be3 e5 7. d5 Nc5 8. Qc2 a5 9. g4 h5 10. g5 Nfd7 11. h4 Nb6 12. b3 f5 13. gxf6 Bf5 14. exf5 Qxf6 15. Bxc5 dxc5 16. Ne4 Qxf5 17. Bd3 O-O 18. Ne2 a4 19. O-O-O axb3 20. axb3 Ra3 21. N2c3 Rfa8 22. Kb2 c6 23. d6 Nc8 24. Rhg1 Nxd6 25. Nxd6 e4 26. Nxf5 Ra2+ 27. Kc1 Rxc2+ 28. Kxc2 gxf5 29. Bxe4 fxe4 30. Nxe4 Ra2+ 31. Kd3 Kf7 32. Rg5 Rb2 33. Rdg1 Rxb3+ 34. Kc2 Rb2+ 35. Kc1 Bd4 36. Rg7+ Ke6 37. R1g6+ Kf5 38. Nd2 Ra2 39. Rg5+ Kf6 40. Ne4+ Ke6 41. f4 b5 42. R7g6+ Kf7 43. Nd6+ Ke7 44. Nf5+ Kd7 45. Nxd4 cxd4 46. cxb5 cxb5 47. Rd5+ Ke7 48. Rxd4 Ra1+ 49. Kb2 Rh1 50. Rg5 Rxh4 51. Rxb5 Rh2+ 52. Kc3 h4 53. Ra4 Kd7 54. Ra6 Kc7 55. Rh5 Rh3+ 56. Kd4 Rh1 57. Ra7+ Kb6 58. Rg7 h3 59. Rg6+ Kc7 60. Rh7+ Kd8 61. Rg8# 1-0


[Site "https://www.chess.com"]

[Event "Titled Tuesday Blitz March 21 Early 2023"]
[White "Jeet, Jain"]
[Black "cryptoguru02"]
[WhiteFideId "5073022"]
[WhiteElo "2067"]
[BlackElo "2462"]
[Result "1-0"]
[Round "09"]
[TimeControl "180+2"]
[Date "2023.03.21"]
[WhiteClock "0:01:59"]
[BlackClock "0:00:17"]

1. Nf3 d5 2. g3 Bg4 3. Bg2 c6 4. O-O Nd7 5. d4 e6 6. c4 Ngf6 7. Nc3 Bd6 8. Nd2 O-O 9. Qb3 Qb6 10. c5 Qxb3 11. axb3 Bc7 12. f3 Bh5 13. b4 a6 14. e4 dxe4 15. fxe4 Rad8 16. Nc4 Bg6 17. Be3 Ng4 18. Bg5 f6 19. Bc1 Bf7 20. h3 Nh6 21. Bxh6 gxh6 22. Rad1 Bxg3 23. d5 exd5 24. exd5 Kg7 25. Ne3 Be5 26. dxc6 bxc6 27. Bxc6 Nb8 28. Be4 Bd4 29. Rxd4 Rxd4 30. Nf5+ Kh8 31. Nxd4 Rd8 32. Rd1 f5 33. Nxf5 Re8 34. c6 1-0


[Site "https://www.chess.com"]

[Event "Titled Tuesday Blitz March 21 Early 2023"]
[White "Budrewicz, Krzysztof"]
[Black "Kubatko, Ivan"]
[WhiteFideId "1127950"]
[BlackFideId "24111473"]
[WhiteElo "2230"]
[BlackElo "2285"]
[Result "1-0"]
[Round "09"]
[TimeControl "180+2"]
[Date "2023.03.21"]
[WhiteClock "0:01:49"]
[BlackClock "0:00:12"]

1. d4 d5 2. c4 e6 3. Nc3 c5 4. cxd5 cxd4 5. Qxd4 Nc6 6. Qd1 exd5 7. Qxd5 Be6 8. Qxd8+ Rxd8 9. Bd2 Nb4 10. Rc1 Nxa2 11. Nxa2 Bxa2 12. Ra1 Bc4 13. Rxa7 b5 14. Nf3 Bc5 15. Ra1 Nf6 16. e3 Ne4 17. Bxc4 bxc4 18. Ke2 O-O 19. Rhc1 Nd6 20. Ra5 Rc8 21. Ne5 Rfd8 22. Be1 Bb6 23. Ra4 Rc7 24. Nxc4 Rdc8 25. b3 Ne4 26. Nxb6 Rxc1 27. Nxc8 1-0


[Site "https://www.chess.com"]

[Event "Titled Tuesday Blitz March 21 Early 2023"]
[White "Tomaszewski, Kacper"]
[Black "Diaz Rosas, Julio Cesar"]
[WhiteFideId "1127373"]
[BlackFideId "5105099"]
[WhiteElo "2211"]
[BlackElo "2270"]
[Result "1-0"]
[Round "09"]
[TimeControl "180+2"]
[Date "2023.03.21"]
[WhiteClock "0:01:41"]
[BlackClock "0:00:12"]

1. e4 c5 2. Nc3 d6 3. g3 Nc6 4. Bg2 g6 5. Nge2 Bg7 6. d3 e6 7. h4 h5 8. Bg5 Nge7 9. Qd2 Qa5 10. O-O Rb8 11. a3 Nd4 12. Bxe7 Nxe2+ 13. Kh2 Nxc3 14. Bxd6 Ra8 15. bxc3 Bxc3 16. Qg5 Kd7 17. Qe7+ Kc6 18. e5+ Kb5 19. Rfb1+ Ka4 20. Bc7 Qa6 21. Qxc5 1-0


[Site "https://www.chess.com"]

[Event "Titled Tuesday Blitz March 21 Early 2023"]
[White "Fernandez Hernandez, Arturo A."]
[Black "Derjabin, Ilja"]
[WhiteFideId "3509230"]
[BlackFideId "14104768"]
[WhiteElo "2393"]
[BlackElo "2309"]
[Result "1-0"]
[Round "09"]
[TimeControl "180+2"]
[Date "2023.03.21"]
[WhiteClock "0:02:09"]
[BlackClock "0:00:29"]

1. e4 c5 2. Nc3 d6 3. f4 Nc6 4. Nf3 Bg4 5. h3 Bxf3 6. Qxf3 g6 7. Bb5 Rc8 8. O-O Bg7 9. d3 a6 10. Bxc6+ Rxc6 11. Be3 Nf6 12. e5 Nd7 13. exd6 exd6 14. f5 O-O 15. Nd5 Bxb2 16. Rab1 Bd4 17. Bxd4 cxd4 18. Rxb7 Rxc2 19. Rxd7 Qg5 20. fxg6 hxg6 21. Rxf7 Rxg2+ 22. Qxg2 Qxg2+ 23. Kxg2 Rxf7 24. Rxf7 Kxf7 1-0


[Site "https://www.chess.com"]

[Event "Titled Tuesday Blitz March 21 Early 2023"]
[White "Chernov, Mikhail"]
[Black "Berezin, Viktor"]
[WhiteFideId "24143170"]
[BlackFideId "14107872"]
[WhiteElo "2113"]
[BlackElo "2310"]
[Result "0-1"]
[Round "09"]
[TimeControl "180+2"]
[Date "2023.03.21"]
[WhiteClock "0:02:03"]
[BlackClock "0:02:39"]

1. d4 g6 2. e4 Bg7 3. Nc3 d6 4. Be3 Nf6 5. Qd2 c6 6. h3 h5 7. O-O-O Nbd7 8. f4 b5 9. e5 b4 10. Nce2 Nd5 11. Kb1 Nxe3 12. Qxe3 Nb6 13. Nf3 Rb8 14. Nc1 Nd5 15. Ne2 Nxe3 0-1


[Site "https://www.chess.com"]

[Event "Titled Tuesday Blitz March 21 Early 2023"]
[White "Jakubowska, Anna"]
[Black "Garv Gaur"]
[WhiteFideId "1121952"]
[BlackFideId "45030839"]
[WhiteElo "2001"]
[BlackElo "2068"]
[Result "0-1"]
[Round "09"]
[TimeControl "180+2"]
[Date "2023.03.21"]
[WhiteClock "0:00:03"]
[BlackClock "0:00:26"]

1. e4 g6 2. d4 Bg7 3. Nc3 d5 4. Nxd5 c6 5. Ne3 Qxd4 6. Qxd4 Bxd4 7. Nf3 Bb6 8. Bc4 Nf6 9. e5 Ng4 10. Ng5 Nxe5 11. Bb3 Nbd7 12. f4 h6 13. fxe5 hxg5 14. Nc4 g4 15. Bf4 Nc5 16. O-O-O Bf5 17. Rhf1 Bc7 18. Ne3 e6 19. Bc4 Rd8 20. Be2 Nd7 21. Bxg4 Nxe5 22. Bxe5 Bxe5 23. Nxf5 gxf5 24. Bh3 Rxd1+ 25. Rxd1 Bxh2 26. Re1 Kd7 27. c3 Bd6 28. Kc2 Rg8 29. Kd3 Rg3+ 30. Kc2 Bc5 31. Rd1+ Ke7 32. Rd3 Rxd3 33. Kxd3 Bf2 34. Ke2 Bg3 35. Kf3 Be1 36. c4 Kf6 37. b3 e5 38. g4 fxg4+ 39. Bxg4 Kg5 40. Bc8 b6 41. Ke4 Bc3 42. Bd7 Bd4 43. Bc8 Kh4 44. b4 Kg3 45. Bd7 c5 46. bxc5 bxc5 47. a4 a5 48. Be8 f6 49. Bd7 Kf2 50. Bc6 Ke2 51. Bb5 Kd2 52. Bc6 Kc3 53. Bb5 Bf2 54. Bc6 Kxc4 55. Bb5+ Kb4 56. Kf5 Bh4 57. Ke4 c4 58. Ke3 Bg5+ 59. Ke4 c3 60. Kd3 Kb3 0-1


[Site "https://www.chess.com"]

[Event "Titled Tuesday Blitz March 21 Early 2023"]
[White "TimGrutter03"]
[Black "Carrasco Miranda, Andres"]
[BlackFideId "3405990"]
[WhiteElo "2541"]
[BlackElo "2183"]
[Result "1-0"]
[Round "09"]
[TimeControl "180+2"]
[Date "2023.03.21"]
[WhiteClock "0:00:27"]
[BlackClock "0:00:35"]

1. e4 c5 2. Nf3 d6 3. d4 cxd4 4. Nxd4 Nf6 5. Nc3 a6 6. h4 e5 7. Nb3 Be6 8. f4 exf4 9. Bxf4 Be7 10. Qd2 Nbd7 11. Bxd6 O-O 12. O-O-O Rc8 13. Bxe7 Qxe7 14. Nd5 Nxd5 15. exd5 Bf5 16. Bd3 Bxd3 17. Qxd3 Nc5 18. Nxc5 Qxc5 19. Kb1 Rfd8 20. h5 h6 21. Rhf1 b5 22. Qf5 Rc7 23. g4 b4 24. g5 hxg5 25. Qxg5 Qxc2+ 26. Ka1 Rdc8 27. d6 Rc5 28. Qf4 f6 29. d7 Rd8 30. h6 Ra5 31. Qxb4 Rb5 32. Qa3 Rf5 33. Qe7 1-0


[Site "https://www.chess.com"]

[Event "Titled Tuesday Blitz March 21 Early 2023"]
[White "Rios Escobar, Adan"]
[Black "Degenbaev, Aziz"]
[WhiteFideId "3403645"]
[BlackFideId "13802640"]
[WhiteElo "2417"]
[BlackElo "2152"]
[Result "0-1"]
[Round "09"]
[TimeControl "180+2"]
[Date "2023.03.21"]
[WhiteClock "0:00:03"]
[BlackClock "0:00:19"]

1. d4 Nf6 2. g3 c5 3. d5 g6 4. c4 d6 5. Nc3 Bg7 6. Nf3 O-O 7. Bg2 e6 8. O-O Re8 9. Re1 exd5 10. cxd5 a6 11. a4 Nbd7 12. h3 Rb8 13. Bf4 Nb6 14. e4 Nh5 15. Bg5 Qc7 16. g4 Nf6 17. e5 dxe5 18. d6 Qd8 19. Nxe5 h6 20. Bf4 Be6 21. a5 Nbd7 22. Nf3 b5 23. axb6 Rxb6 24. Qd2 g5 25. Bg3 Qb8 26. Na4 Rb4 27. Re2 Ne4 28. Rxe4 Rxe4 29. Nxg5 Rxa4 30. Rxa4 hxg5 31. Qxg5 Qxb2 32. Rxa6 Qf6 33. Qe3 c4 34. Be4 c3 35. Rc6 Qd4 36. Qf3 Be5 37. Bc2 Bxg3 38. Qxg3 Bd5 39. Rc7 Re1+ 40. Kh2 Rh1# 0-1


[Site "https://www.chess.com"]

[Event "Titled Tuesday Blitz March 21 Early 2023"]
[White "Hirneise, Jens"]
[Black "Jovic, Stanoje"]
[WhiteFideId "24614734"]
[BlackFideId "905020"]
[WhiteElo "2345"]
[BlackElo "2236"]
[Result "1-0"]
[Round "09"]
[TimeControl "180+2"]
[Date "2023.03.21"]
[WhiteClock "0:01:18"]
[BlackClock "0:00:32"]

1. Nf3 Nf6 2. b3 e6 3. g3 b5 4. Bg2 Bb7 5. O-O Be7 6. c4 b4 7. a3 a5 8. axb4 axb4 9. Rxa8 Bxa8 10. d4 c5 11. d5 exd5 12. Nh4 O-O 13. Nf5 Re8 14. cxd5 d6 15. e4 Bf8 16. Re1 g6 17. Nh6+ Kg7 18. Bg5 Nbd7 19. Ng4 Qa5 20. Nxf6 Nxf6 21. Bxf6+ Kxf6 22. Nd2 Kg7 23. Nc4 Qa2 24. Qa1+ Qxa1 25. Rxa1 Bb7 26. Ra7 Rb8 27. f4 Kf6 28. e5+ dxe5 29. fxe5+ Kf5 30. Kf2 g5 31. h3 h5 32. Ke3 g4 33. Be4+ Kg5 34. h4+ Kh6 35. d6 Bxe4 36. Kxe4 Kg6 37. Kd5 Bh6 38. d7 Bf8 39. Kc6 Kf5 40. Kc7 1-0


[Site "https://www.chess.com"]

[Event "Titled Tuesday Blitz March 21 Early 2023"]
[White "Meunier-Pion, Jean"]
[Black "Lehtosaari, Mauri"]
[WhiteFideId "20685327"]
[BlackFideId "501999"]
[WhiteElo "2124"]
[BlackElo "2525"]
[Result "0-1"]
[Round "09"]
[TimeControl "180+2"]
[Date "2023.03.21"]
[WhiteClock "0:00:06"]
[BlackClock "0:00:08"]

1. e4 e6 2. d4 d5 3. Nd2 dxe4 4. Nxe4 Nd7 5. Nf3 Ngf6 6. Nxf6+ Nxf6 7. c3 c5 8. Bg5 cxd4 9. Nxd4 Be7 10. Be2 O-O 11. O-O Bd7 12. Bf3 Qc7 13. g3 Rfd8 14. Qe2 a6 15. Nf5 Bb5 16. Nxe7+ Qxe7 17. c4 Bc6 18. Bxc6 bxc6 19. Qf3 Rac8 20. Rfd1 Rxd1+ 21. Rxd1 h6 22. Bxf6 gxf6 23. Qg4+ Kh7 24. Qe4+ Kg7 25. Qg4+ Kh7 26. Qd4 Kg7 27. Qd6 Qb7 28. b3 a5 29. Rd4 h5 30. Rh4 Qb4 31. Qd1 Rh8 32. Kg2 Qc5 33. Qf3 a4 34. bxa4 Rh6 35. Qc3 Rg6 36. Rf4 e5 37. Re4 Rh6 38. a5 Rh8 39. a6 Ra8 40. Rh4 Rxa6 41. Rxh5 Ra4 42. Qc1 Kf8 43. Rh8+ Ke7 44. Rh4 Rxa2 45. Qf1 Rc2 46. Kh1 Qa3 47. Qe1 Rc1 48. Re4 Rxe1+ 49. Rxe1 Qc3 50. Re3 Qxc4 51. Kg2 Qd4 52. h4 c5 53. h5 Kf8 54. g4 Kg7 55. Kf1 c4 56. Rg3 c3 57. Rxc3 Qxc3 58. Kg2 Kh6 59. Kh2 Kg5 60. f3 Qxf3 61. Kg1 Qe2 62. Kh1 Kxg4 63. h6 Kg3 64. h7 Qe1# 0-1


[Site "https://www.chess.com"]

[Event "Titled Tuesday Blitz March 21 Early 2023"]
[White "Rom, Jasper"]
[Black "Melikhov, Evgeny V."]
[WhiteFideId "2023733"]
[BlackFideId "4122046"]
[WhiteElo "2233"]
[BlackElo "2158"]
[Result "0-1"]
[Round "09"]
[TimeControl "180+2"]
[Date "2023.03.21"]
[WhiteClock "0:00:01"]
[BlackClock "0:00:38"]

1. e4 e5 2. Nf3 Nc6 3. Bb5 a6 4. Bxc6 dxc6 5. O-O f6 6. d4 exd4 7. Nxd4 c5 8. Ne2 Qxd1 9. Rxd1 Bd7 10. Bf4 O-O-O 11. Nbc3 Be6 12. Rxd8+ Kxd8 13. Rd1+ Kc8 14. Nd5 Bxd5 15. Rxd5 b6 16. Nc3 Ne7 17. Rd1 g5 18. Bg3 h5 19. h3 h4 20. Bh2 Bg7 21. Nd5 Nxd5 22. Rxd5 Rd8 23. Rxd8+ Kxd8 24. b3 b5 25. c4 Kd7 26. Kf1 c6 27. Ke2 Ke6 28. Kd3 f5 29. f3 f4 30. Bg1 Bf8 31. Bf2 Be7 32. Be1 Bf6 33. Ba5 Kd6 34. Bb6 Be7 35. a4 Bf6 36. Ba7 Be7 37. Bb8+ Ke6 38. Bc7 Kd7 39. Be5 Ke6 40. Bg7 Kf7 41. Bc3 Ke6 42. Ba5 Bf6 43. Bc7 Be7 44. e5 Kf5 45. Bd6 Bd8 46. Bxc5 Kxe5 47. Bd4+ Kf5 48. Bc5 Bf6 49. Bd6 Bb2 50. Bc7 Bf6 51. Bb6 Bb2 52. Bd4 Ba3 53. cxb5 cxb5 54. axb5 axb5 55. Bh8 Bc5 0-1


[Site "https://www.chess.com"]

[Event "Titled Tuesday Blitz March 21 Early 2023"]
[White "Padmini, Rout"]
[Black "Lorenzo De La Riva, Lazaro"]
[WhiteFideId "5029295"]
[BlackFideId "2268809"]
[WhiteElo "2314"]
[BlackElo "2294"]
[Result "0-1"]
[Round "09"]
[TimeControl "180+2"]
[Date "2023.03.21"]
[WhiteClock "0:01:15"]
[BlackClock "0:02:05"]

1. e4 Nc6 2. d4 d5 3. exd5 Qxd5 4. Nf3 Bg4 5. Be2 O-O-O 6. Nc3 Qh5 7. h3 e5 8. O-O Bxf3 9. Bxf3 Qg6 10. d5 Nd4 11. Be3 Nxf3+ 12. Qxf3 a6 13. a3 f5 14. b4 e4 15. Qe2 Bd6 16. Rad1 f4 17. Qg4+ Qxg4 18. hxg4 fxe3 19. Nxe4 e2 0-1


[Site "https://www.chess.com"]

[Event "Titled Tuesday Blitz March 21 Early 2023"]
[White "Shukhman, Anna"]
[Black "Vakhlamov, Igor L."]
[WhiteFideId "54180058"]
[BlackFideId "24126748"]
[WhiteElo "2125"]
[BlackElo "2400"]
[Result "0-1"]
[Round "09"]
[TimeControl "180+2"]
[Date "2023.03.21"]
[WhiteClock "0:00:12"]
[BlackClock "0:00:40"]

1. e4 c5 2. Nf3 Nc6 3. Bb5 Nf6 4. e5 Nd5 5. Nc3 Nc7 6. Bc4 d5 7. exd6 Qxd6 8. O-O Bf5 9. d3 e6 10. Re1 Be7 11. Be3 Nd5 12. Ne4 Bxe4 13. dxe4 Nxe3 14. Rxe3 O-O-O 15. Rd3 Qc7 16. c3 g5 17. Qe2 g4 18. Nd2 h5 19. Rd1 Ne5 20. Rxd8+ Rxd8 21. Bb3 c4 22. Bc2 Bc5 23. Nf1 h4 24. Ne3 g3 25. Rxd8+ Qxd8 26. Nxc4 Qg5 27. Nxe5 gxf2+ 28. Kf1 Qxe5 29. Qc4 Kb8 30. b4 Qxh2 31. Ke2 Qxg2 32. Qxc5 f1=Q+ 33. Ke3 Qgf2# 0-1


[Site "https://www.chess.com"]

[Event "Titled Tuesday Blitz March 21 Early 2023"]
[White "Mazurkiewicz, Michal"]
[Black "Ordekalog"]
[WhiteFideId "1124943"]
[WhiteElo "2054"]
[BlackElo "2570"]
[Result "0-1"]
[Round "09"]
[TimeControl "180+2"]
[Date "2023.03.21"]
[WhiteClock "0:00:02"]
[BlackClock "0:00:05"]

1. e4 d5 2. exd5 Qxd5 3. d3 Nf6 4. Nc3 Qa5 5. g3 c6 6. Nf3 Bg4 7. h3 Bxf3 8. Qxf3 e6 9. Bg2 Nbd7 10. O-O Be7 11. Bd2 Qc7 12. Ne4 Nxe4 13. dxe4 O-O 14. Qe2 Rad8 15. Bc3 Bf6 16. Bxf6 Nxf6 17. e5 Nd5 18. a3 Rd7 19. c4 Ne7 20. Rfd1 Rfd8 21. f4 Nf5 22. Kh2 Nd4 23. Qg4 g6 24. Rd3 Nf5 25. Rxd7 Qxd7 26. Qe2 h5 27. g4 hxg4 28. hxg4 Nd4 29. Qe4 Kg7 30. c5 Qe7 31. Rd1 Qxc5 32. b4 Qc3 33. Kg1 b6 34. f5 exf5 35. gxf5 gxf5 36. Qe1 Qxa3 37. Rd2 Qc3 38. Qh4 Qxd2 39. Qf6+ Kh7 40. Qxf7+ Kh6 41. Qf6+ Kh5 42. Qf7+ Kg5 43. Qg7+ Kf4 44. Qh6+ Kxe5 45. Qxd2 Nf3+ 46. Bxf3 Rxd2 47. Bxc6 Rb2 48. b5 f4 49. Kf1 Rc2 50. Ke1 a5 51. Kd1 Rh2 52. Ke1 Kd4 53. Kf1 a4 54. Kg1 Rb2 55. Kf1 a3 56. Be4 Kxe4 0-1


[Site "https://www.chess.com"]

[Event "Titled Tuesday Blitz March 21 Early 2023"]
[White "Tarasova, Viktoriya"]
[Black "Crevatin, Leo"]
[WhiteFideId "4175840"]
[BlackFideId "1726307"]
[WhiteElo "2182"]
[BlackElo "2190"]
[Result "0-1"]
[Round "09"]
[TimeControl "180+2"]
[Date "2023.03.21"]
[WhiteClock "0:00:03"]
[BlackClock "0:00:04"]

1. d4 Nf6 2. c4 e6 3. Nc3 Bb4 4. Nf3 O-O 5. Bg5 b6 6. e3 Bb7 7. Bd3 d6 8. O-O Bxc3 9. bxc3 h6 10. Bh4 Nbd7 11. Nd2 e5 12. e4 Qe7 13. f3 Rfe8 14. Re1 Nf8 15. Bf2 Ne6 16. g3 c5 17. d5 Nf8 18. Nf1 Bc8 19. Ne3 g6 20. a4 N8h7 21. a5 Bd7 22. h4 Reb8 23. axb6 axb6 24. Qb3 Qd8 25. Qb2 Nf8 26. Reb1 Rxa1 27. Rxa1 Qc7 28. Nc2 Ne8 29. Ra3 Qc8 30. Qa1 Nc7 31. Qc1 Kh7 32. Be3 h5 33. Ra1 b5 34. cxb5 Bxb5 35. c4 Be8 36. Bf1 Na6 37. Bg5 Qb7 38. Ne3 Nb4 39. g4 f6 40. Bxf6 Qf7 41. Bg5 Qxf3 42. Ra7+ Kg8 43. Bg2 Qe2 44. Qf1 Qxf1+ 45. Bxf1 Nh7 46. gxh5 Nxg5 47. hxg5 gxh5 48. Nf5 Bg6 49. Nxd6 Nc2 50. Bh3 Ne3 51. Be6+ Kh8 52. Nf7+ Bxf7 53. Rxf7 Nxc4 54. Bf5 Nd6 55. Rh7+ Kg8 0-1


[Site "https://www.chess.com"]

[Event "Titled Tuesday Blitz March 21 Early 2023"]
[White "Escanor89"]
[Black "Loiacono, Antonio"]
[BlackFideId "895415"]
[WhiteElo "2426"]
[BlackElo "2257"]
[Result "1-0"]
[Round "09"]
[TimeControl "180+2"]
[Date "2023.03.21"]
[WhiteClock "0:00:13"]
[BlackClock "0:00:18"]

1. c4 c6 2. e4 e5 3. Nc3 d6 4. Nf3 Bg4 5. g3 g6 6. Bg2 Bh6 7. O-O c5 8. Qb3 Qd7 9. Nh4 Nc6 10. f3 Nd4 11. Qd1 Be6 12. d3 Bxc1 13. Rxc1 g5 14. Nf5 Nxf5 15. exf5 Bxf5 16. f4 gxf4 17. gxf4 Bg4 18. Qb3 O-O-O 19. Ne4 b6 20. Qa3 Kb8 21. b4 cxb4 22. Qxb4 f5 23. Nc3 Qc7 24. Kh1 Ne7 25. Nb5 Qc5 26. Qa4 a5 27. Nc3 Rhg8 28. Rb1 Nc8 29. Rb5 Qc7 30. Qxa5 Qa7 31. Qb4 e4 32. dxe4 fxe4 33. Nxe4 Bd7 34. Nf6 Bxb5 35. Nxg8 Ba6 36. Nf6 Qc7 37. Nd5 Qc5 38. Qb1 Bxc4 39. Rd1 Rg8 40. Qb2 h5 41. Nb4 h4 42. a3 Bb5 43. a4 Bc4 44. a5 b5 45. Na6+ Ka7 46. Nxc5 dxc5 47. Qe5 Ka6 48. Bd5 Rd8 49. Qe6+ Rd6 50. Qe5 Kxa5 51. Ra1+ Kb6 52. Bxc4 bxc4 53. Rb1+ Kc6 54. f5 Rd5 55. Qe6+ Nd6 56. f6 c3 57. Rc1 h3 58. f7 c2 59. Qxd5+ Kxd5 60. f8=Q Kd4 61. Qf4+ Kc3 62. Qe3+ Kb2 63. Rxc2+ Kxc2 64. Qxc5+ Kd2 65. Qxd6+ Ke2 66. Qg3 Kf1 67. Qxh3+ Kf2 68. Qg3+ Kf1 69. h4 Ke2 70. h5 Kf1 71. h6 Ke2 72. h7 Kf1 73. h8=Q Ke2 74. Qhh2+ Kf1 75. Qgg1# 1-0


[Site "https://www.chess.com"]